 Dungeon Crawl Stone Soup version 0.27-a0-869-g165b36e3f0 (webtiles) character file.

Game seed: 12710944129453072399

23 jestyr24 the Shield-Bearer (level 2, 26/27 HPs)
             Began as a Minotaur Fighter on Apr 3, 2021.
             Was a Follower of Vehumet.
             Quit the game on level 1 of the Dungeon.
             The game lasted 00:02:13 (404 turns).

jestyr24 the Shield-Bearer (Minotaur Fighter)        Turns: 404, Time: 00:02:13

Health: 26/27      AC:  7    Str: 20    XL:     2   Next: 75%
Magic:  1/1        EV:  7    Int:  5    God:    Vehumet [*.....]
Gold:   14         SH: 14    Dex:  9    Spells: 1/1 levels left

rFire    . . .     SeeInvis .   a - +0 long sword
rCold    . . .     Faith    .   c - +0 kite shield
rNeg     . . .     Spirit   .   b - +0 scale mail
rPois    .         Reflect  +   (helmet restricted)
rElec    .         Harm     .   (no cloak)
rCorr    .         Rampage  .   (no gloves)
Will     .....                  (no boots)
Stlth    ..........             e - amulet of reflection
HPRegen  0.09/turn              (no ring)
MPRegen  0.07/turn              (no ring)

@: no status effects
A: horns 2, retaliatory headbutt
a: Renounce Religion


You were on level 1 of the Dungeon.
You worshipped Vehumet.
Vehumet was aware of your devotion.
You visited 1 branch of the dungeon, and saw 1 of its levels.

You collected 14 gold pieces.

Inventory:

Hand Weapons
 a - a +0 long sword (weapon)
Armour
 b - a +0 scale mail (worn)
 c - a +0 kite shield (worn)
Jewellery
 e - an amulet of reflection (around neck)
Potions
 d - a potion of might


   Skills:
 + Level 4.0 Fighting
 + Level 2.7 Long Blades
 + Level 4.1 Armour
 + Level 4.1 Shields


You had one spell level left.
You didn't know any spells.
Your spell library was empty.

Dungeon Overview and Level Annotations

Branches:
Dungeon (1/15)

Altars:
Vehumet


Innate Abilities, Weirdness & Mutations

You have a pair of horns on your head.
You reflexively headbutt those who attack you in melee.


Message History

Found 9 stones.
You closely miss the ball python. You headbutt the ball python.
You kill the ball python!
There is an open door here.
You open the door.
There is an open door here.
A ball python comes into view.
The ball python hisses angrily.
You barely miss the ball python. You block the ball python's attack.
The ball python closely misses you. x2; The ball python grabs you.
The ball python constricts you.
You closely miss the ball python. You block the ball python's attack.
The ball python constricts you.
The ball python bites you but does no damage.
The ball python constricts you.
You barely miss the ball python. The ball python bites you.
The ball python constricts you.
The ball python bites you but does no damage.
The ball python constricts you.
You hit the ball python.
You kill the ball python!
You see here a ball python corpse.
Found a faded altar of an unknown god.
There is a faded altar of an unknown god here.
An endoplasm comes into view.
You barely miss the endoplasm.
You headbutt the endoplasm, but do no damage.
You block the endoplasm's attack.
You hit the endoplasm but do no damage. You block the endoplasm's attack.
The endoplasm freezes you.
You are frozen.
You slash the endoplasm!
You kill the endoplasm!
There is a faded altar of an unknown god here.
You cannot tell which god this altar belongs to.
Convert to them anyway?
Vehumet accepts your prayer! Vehumet welcomes you!
You can now gain magical power from killing.
Vehumet offers you knowledge of Foxfire.
Are you sure you want to abandon this character and quit the game? (Confirm with "yes".)

### ####.# .....# ####.#
####### #.# #.....#
#.#############.###.#
#............@..# #.#
######################.#
....# ..........# ###.#
#.# ########### #.# #.#
#.# #.####### #.#
#.##....# #.# #.##....#
#.# #.##...)#


There were no monsters in sight!

Vanquished Creatures
  A dart slug (D:1)
  3 ball pythons (D:1)
  A bat (D:1)
  3 endoplasms (D:1)
  2 goblins (D:1)
  A hobgoblin (D:1)
  4 jackals (D:1)
  A kobold (D:1)
16 creatures vanquished.

Notes
Turn   | Place    | Note
-------+----------+-------------------------------------------
     0 | D:1      | jestyr24 the Minotaur Fighter began the quest for the Orb.
     0 | D:1      | Reached XP level 1. HP: 19/19 MP: 0/0
   147 | D:1      | Reached XP level 2. HP: 27/27 MP: 1/1
   369 | D:1      | Found a faded altar of an unknown god.
   403 | D:1      | Became a worshipper of Vehumet
   403 | D:1      | Reached * piety under Vehumet
   403 | D:1      | Offered knowledge of Foxfire by Vehumet.
   404 | D:1      | Quit the game

Illustrated notes

Levels and vault maps discovered:
D:1:      dpeg_arrival_pits, layout_basic, basic_ecumenical_altar

Skill      XL: |  1  2 |
---------------+-------+-----
Shields        | 4 |  4.1
Fighting       | 4 |  4.0
Armour         | 4 |  4.1
Long Blades    | |  2.7

Action                   || total
-------------------------++-------
Melee: Long sword        ||    42
       Headbutt          ||     9
Armor: Scale mail        ||    27
Dodge: Dodged            ||    20
Block: Kite shield       ||    42
       Rpst.: Long sword ||     3

Table legend: (Time is in decaauts)
 A = Elapsed time spent in this place.
 B = Non-inter-level travel time spent in this place.
 C = Inter-level travel time spent in this place.
 D = Time resting spent in this place.
 E = Time spent auto-exploring this place.
 F = Levels seen in this place.
 G = Mean time per level.
                   A        B        C        D        E       F      G
               +--------+--------+--------+--------+--------+-----+--------+
         Total |    424 |    424 |      0 |      0 |    279 |   1 |  424.0 |
       Dungeon |    424 |    424 |      0 |      0 |    279 |   1 |  424.0 |
               +--------+--------+--------+--------+--------+-----+--------+

Top non-repeatable levels by time:
     D:1: 424 daAuts
